Map: Lost and Found LE

Players

DanishRaven - Winner!

  • Race: Terran Terran
  • League: Gold
  • Spawn Location: 7:00

RudeSmokah

  • Race: Zerg Zerg
  • League: Silver
  • Spawn Location: 1:00

VOD

Have the link to the VOD?

Description

Time

  • Played on: Nov. 10, 2018, 2:21 p.m.
  • Length: 11:48
Show
View Real Time Build Order
Export as new Build Order

DanishRaven Terran - Winner!

Build Orders:  

Get SALT Encoding   

  12  0:01  SCV  
  13  0:13  SCV  
  14  0:21  Supply Depot  
  14  0:25  SCV  
  15  0:42  SCV  
  16  0:45  Barracks  
  16  0:46  Refinery  
  16  0:54  SCV  
  17  1:06  SCV  
  18  1:18  SCV  
  19  1:32  Orbital Command  
  19  1:34  Barracks Reactor  
  19  2:01  Command Center  
  19  2:03  SCV  
  19  2:06  Supply Depot  
  19  2:11  Marine x2  
  19  2:15  SCV  
  21  2:31  Marine x2  
  23  2:53  Marine x2  
  25  2:59  Command Center  
  25  3:05  Barracks  
  25  3:06  SCV  
  26  3:18  SCV  
  27  3:23  Marine x2  
  29  3:31  SCV  
  30  3:41  Marine  
  31  4:04  Barracks Tech Lab  
  31  4:07  Barracks  
  31  4:11  Marine, SCV  
  31  4:12  Factory  
  33  4:23  SCV  
  34  4:31  Refinery  
  34  4:35  Marine x2, SCV  
  37  4:38  Marine  
  37  4:41  Stimpack  
  38  4:47  SCV  
  38  4:50  Engineering Bay  
  38  4:52  Orbital Command  
  39  4:53  Marine  
  39  4:54  Engineering Bay  
  39  4:59  SCV  
  41  5:00  Factory Reactor  
  41  5:03  Starport  
  41  5:06  Marine, Barracks Reactor  
  42  5:11  Marine, SCV  
  45  5:18  Marauder  
  46  5:30  Marine x2  
  46  5:31  SCV  
  46  5:34  Supply Depot  
  49  5:37  Supply Depot  
  49  5:39  Marauder  
  51  5:49  Factory Tech Lab  
  51  5:52  Marine  
  51  5:53  Marine x2  
  51  5:55  Marine  
  55  6:01  Marauder, Medivac x2  
  61  6:12  SCV x2  
  63  6:21  Marine x2  
  63  6:22  Marine x2, Marauder  
  63  6:24  SCV  
  70  6:34  SCV  
  70  6:36  SCV  
  70  6:39  Marine x3, Supply Depot  
  74  6:40  Marine, Supply Depot  
  74  6:41  Combat Shield  
  74  6:44  Marauder  
  78  7:01  Medivac x2, SCV  
  83  7:02  Supply Depot  
  83  7:05  Supply Depot  
  83  7:07  Refinery, SCV  
  84  7:09  Refinery  
  84  7:13  Marine x2, SCV  
  87  7:16  Marine x2  
  87  7:19  SCV  
  87  7:21  Marauder  
  92  7:25  SCV  
  93  7:30  Marine  
  93  7:31  Medivac x2, SCV  
  99  7:51  Marine x4, Marauder  
  105  8:00  Concussive Shells  
  105  8:01  Medivac  
  107  8:08  Marine  
  107  8:09  Marine x2  
  107  8:11  Terran Infantry Weapons Level 1  
  110  8:13  Terran Infantry Armor Level 1  
  110  8:24  Supply Depot  
  110  8:28  Supply Depot  
  110  8:30  Supply Depot  
  110  8:31  Marine x4  
  110  8:32  Marauder  
  116  8:46  Command Center  
  116  8:48  Supply Depot  
  116  8:49  Marine  
  116  8:53  Marauder  
  119  9:03  Marine x2  
  119  9:04  Marine  
  119  9:07  Marine  
  123  9:15  Marauder  
  87  9:35  Marine x2  
  87  9:36  Marine x2, Marauder  
  93  9:42  Medivac x2  
  92  9:53  Marine x4  
  92  9:57  Marauder  
  96  10:09  Orbital Command  
  96  10:11  Marine x4  
  96  10:12  Medivac x2  
  104  10:19  Marauder  
  106  10:26  Command Center  
  106  10:29  Marine x4  
  110  10:40  Marauder  
  112  10:46  Marine  
  112  10:47  Marine x3  
  103  11:01  Marauder  
  104  11:23  Marauder  
Show
View Real Time Build Order
Export as new Build Order

RudeSmokah Zerg 

Build Orders: Pool First 

Get SALT Encoding   

  12  0:01  Drone  
  13  0:26  Spawning Pool  
  12  0:48  Hatchery  
  11  0:56  Overlord  
  11  1:12  Zergling x2  
  11  1:13  Zergling x4  
  14  1:24  Zergling x2  
  15  1:39  Queen  
  15  1:40  Extractor  
  15  1:41  Drone  
  15  1:46  Zergling x2  
  18  2:00  Drone  
  19  2:32  Drone  
  17  2:48  Queen  
  17  2:49  Drone  
  17  2:50  Drone x2  
  22  2:56  Drone x3  
  25  3:02  Overlord  
  25  3:13  Metabolic Boost  
  25  3:17  Drone x2  
  27  3:21  Drone x2  
  27  3:32  Roach Warren  
  26  3:36  Zergling x2  
  26  3:37  Zergling x6  
  30  3:44  Drone x2  
  32  3:51  Overlord  
  32  4:16  Roach x2  
  36  4:20  Overlord  
  36  4:41  Drone x5  
  36  4:42  Drone x2  
  43  4:45  Overlord  
  43  4:54  Extractor  
  43  4:55  Roach  
  44  5:00  Lair  
  44  5:05  Evolution Chamber  
  43  5:08  Drone x2  
  43  5:11  Drone x3  
  43  5:13  Drone x2  
  50  5:19  Extractor  
  49  5:33  Zerg Missile Weapons Level 1, Hatchery  
  48  5:36  Zergling x6  
  51  5:45  Overlord x2  
  51  6:03  Queen  
  53  6:07  Hydralisk Den  
  53  6:10  Drone x2  
  53  6:11  Drone  
  55  6:13  Roach x4  
  55  6:14  Zergling x2, Roach x2  
  55  6:18  Glial Reconstitution  
  68  6:44  Overlord x2  
  68  6:45  Overlord  
  68  7:18  Hydralisk x3  
  68  7:19  Hydralisk x3  
  68  7:20  Roach  
  68  7:21  Roach x4  
  90  7:28  Zerg Ground Armor Level 1  
  90  7:29  Overlord x2  
  90  7:30  Overlord  
  90  7:45  Extractor  
  90  7:50  Grooved Spines  
  89  8:09  Drone x2  
  89  8:10  Drone  
  89  8:12  Hydralisk x3  
  92  8:13  Hydralisk x3  
  92  8:16  Zergling x8  
  92  8:17  Zergling x6  
  111  8:26  Evolution Chamber  
  110  8:40  Roach x2  
  114  8:43  Overlord x2  
  114  9:04  Hatchery  
  62  9:25  Roach x4  
  62  9:26  Roach x6  
  62  9:27  Zergling x12  
  62  9:28  Zergling x2  
  68  9:59  Hydralisk x5  
  67  10:01  Zergling x6, Roach  
  78  10:22  Overseer  
  78  10:40  Overseer  
  78  10:43  Zergling x2  
  78  10:44  Zergling x8  
  78  10:45  Hydralisk x2, Roach x5  
  63  11:04  Roach x4  
  63  11:05  Zergling x8, Roach  
Tags
 
Add a new tag
Caveats
  • Supply blocks, unpowered buildings, or Contaminate may cause inaccurate times.
  • Supply counts are checked every 10 seconds.